 Dungeon Crawl Stone Soup version 0.24.0-123-gd5b16e6ec5 (webtiles) character file.

Game seed: 16083341153630184577, levelgen mode: deterministic

84 Martska the Charmwright (level 4, 0/35 HPs)
             Began as a Human Skald on Feb 9, 2020.
             Slain by a jackal (2 damage)
             ... on level 2 of the Dungeon.
             The game lasted 00:04:34 (1582 turns).

Martska the Charmwright (Human Skald)               Turns: 1582, Time: 00:04:34

Health: 0/35       AC:  3    Str: 12    XL:     4   Next: 72%
Magic:  3/7        EV: 12    Int: 13    God:
Gold:   46         SH:  0    Dex: 13    Spells: 3/7 levels left

rFire    . . .     SeeInvis .   a - +0 falchion
rCold    . . .     Gourm    .   (no shield)
rNeg     . . .     Faith    .   b - +0 leather armour
rPois    .         Spirit   .   (no helmet)
rElec    .         Reflect  .   (no cloak)
rCorr    .         Harm     .   (no gloves)
MR       .....                  (no boots)
Stlth    +.........             (no amulet)
HPRegen  0.11/turn              (no ring)
MPRegen  0.10/turn              (no ring)

@: no status effects
A: no striking features
a: no special abilities


You were on level 2 of the Dungeon.
You were not hungry.

You visited 1 branch of the dungeon, and saw 2 of its levels.

You collected 46 gold pieces.

Inventory:

Hand Weapons
 a - a +0 falchion (weapon)
Armour
 b - a +0 leather armour (worn)
Jewellery
 h - an uncursed ring of resist corrosion {unknown}
Scrolls
 e - 4 scrolls of identify {unknown}
Potions
 c - a potion of heal wounds {unknown}
 f - a potion of resistance {unknown}
 g - a potion of berserk rage {unknown}
Comestibles
 d - 2 rations


   Skills:
 * Level 3.1 Fighting
 + Level 2.4 Long Blades
 + Level 1.6 Armour
 + Level 2.4 Dodging
 + Level 2.3 Spellcasting
 + Level 3.2 Charms


You had 3 spell levels left.
You knew the following spells:

 Your Spells              Type           Power        Failure   Level  Hunger
a - Infusion              Chrm           ##..         9%          1    #......
b - Regeneration          Chrm/Necr      #.........   43%         3    ###....

Your spell library contained the following spells:

 Spells                   Type           Power        Failure   Level  Hunger
 Song of Slaying          Chrm           ##......     12%         2    ###....
 Shroud of Golubria       Chrm/Tloc      #.....       24%         2    ###....
 Spectral Weapon          Hex/Chrm       #.......     43%         3    ###....


Dungeon Overview and Level Annotations

Branches:
Dungeon (2/15)

Altars:


Message History

The jackal is moderately wounded.
The jackal bites you but does no damage.
The jackal misses you.
You miss the jackal.
The jackal is moderately wounded.
The jackal misses you. x2; You riposte.
You hit the jackal.
The jackal is severely wounded.
You hit the jackal but do no damage.
The jackal is severely wounded.
The jackal misses you.
You miss the jackal.
The jackal is severely wounded.
The jackal bites you.
* * * LOW HITPOINT WARNING * * *
The jackal bites you.
* * * LOW HITPOINT WARNING * * *
The jackal barely misses you. The jackal closely misses you. x2
The jackal bites you.
You die...

......####.#.....#
.................#
......[..†.......##
...#....†............
.....#...............
#.(. #...............
#.^ #......###......
## #...hh.###......
+....@..........
#####..###).....
####..######
#<.)........
####..###... #..... .
...###.. ...# ##.##


You could see 2 jackals.

Vanquished Creatures
  Jessica (D:2)
  An adder (D:2)
  An ooze (D:1)
  A dart slug (D:2)
  2 leopard geckos
  A giant cockroach (D:2)
  5 goblins (D:1)
  5 hobgoblins
  11 jackals
  A ball python (D:1)
  A bat (D:2)
  3 frilled lizards (D:1)
  3 kobolds
36 creatures vanquished.

Notes
Turn   | Place    | Note
-------+----------+-------------------------------------------
     0 | D:1      | Martska the Human Skald began the quest for the Orb.
     0 | D:1      | Reached XP level 1. HP: 16/16 MP: 3/3
   170 | D:1      | Reached XP level 2. HP: 22/22 MP: 5/5
   441 | D:1      | Reached XP level 3. HP: 9/28 MP: 6/6
  1175 | D:1      | HP: 1/28 [poisoned by an adder]
  1477 | D:2      | Learned a level 3 spell: Regeneration
  1486 | D:2      | Noticed Jessica
  1506 | D:2      | Killed Jessica
  1506 | D:2      | Reached XP level 4. HP: 27/35 MP: 7/7
  1574 | D:2      | HP: 1/35 [jackal (1)]
  1582 | D:2      | Slain by a jackal

Levels and vault maps discovered:
D:1:      dpeg_arrival_yet_another_circle, layout_loops_ring, minmay_liquid_box,
          hangedman_decor_growths
D:2:      layout_basic, grunt_temple_overflow_open, uniq_jessica

Skill      XL: |  1  2  3 |
---------------+----------+-----
Fighting       | 3 |  3.1
Long Blades    | |  2.4
Armour         | |  1.6
Dodging        | |  2.4
Spellcasting   | |  2.3
Charms         | |  3.2

Action                   |  1- 3 |  4- 6 || total
-------------------------+-------+-------++-------
Melee: Falchion          |    91 |    27 ||   118
 Cast: Infusion          |     1 |     1 ||     2
  Eat: Ration            |     1 |       ||     1
Armor: Leather armour    |    16 |    18 ||    34
Dodge: Dodged            |    66 |    55 ||   121
       Rpst.: Falchion   |    21 |    14 ||    35
